 Dungeon Crawl Stone Soup version 0.26-a0-946-g9485abf61d (webtiles) character file.

Game seed: 11732173033283260380

21 PentaManta the Insei (level 2, -3/16 HPs)
             Began as a Vine Stalker Monk on Nov 28, 2020.
             Slain by a worm (9 damage)
             ... on level 2 of the Dungeon.
             The game lasted 00:01:32 (940 turns).

PentaManta the Insei (Vine Stalker Monk)             Turns: 940, Time: 00:01:33

Health: -3/16      AC:  5    Str: 13    XL:     2   Next: 87%
Magic:  0/3        EV: 11    Int: 10    God:
Gold:   37         SH:  0    Dex: 16    Spells: 1/1 levels left

rFire    . . .     SeeInvis .     - Unarmed
rCold    . . .     Faith    .   (no shield)
rNeg     . . .     Spirit   +   i - +0 ring mail
rPois    .         Reflect  .   (no helmet)
rElec    .         Harm     .   (no cloak)
rCorr    .         Rampage  .   (no gloves)
MR       .....                  (no boots)
Stlth    ++........             (no amulet)
HPRegen  0.05/turn              (no ring)
MPRegen  0.08/turn              (no ring)

@: no status effects
A: fangs 2, magic shield, antimagic bite, no potion heal 3, rot immunity
a: no special abilities


You were on level 2 of the Dungeon.
You visited 1 branch of the dungeon, and saw 2 of its levels.

You collected 37 gold pieces.

Inventory:

Missiles
 f - 21 poisoned darts (quivered)
Armour
 a - a +0 robe
 b - a +0 leather armour
 i - a +0 ring mail (worn)
Scrolls
 c - a scroll of identify {unknown}
 d - a scroll of teleportation {unknown}
 e - a scroll of remove curse {unknown}
 g - a scroll of magic mapping {unknown}
 h - a scroll of enchant weapon {unknown}


   Skills:
 - Level 2.6 Fighting
 - Level 2.4 Dodging
 + Level 3.4 Stealth
 + Level 3.5 Unarmed Combat


You had one spell level left.
You didn't know any spells.
Your spell library was empty.

Dungeon Overview and Level Annotations

Branches:
Dungeon (2/15)

Altars:

Annotations:
D:1 1 exclusion


Innate Abilities, Weirdness & Mutations

You have extremely sharp teeth.
When hurt, damage is shared between your health and your magic reserves.
Your bite disrupts and absorbs the magic of your enemies.
Potions cannot restore your health.
You are immune to rotting.


Message History

You hit the worm but do no damage.
The worm is severely wounded.
The rat closely misses you.
You hit the worm.
The worm is severely wounded.
The rat barely misses you. The worm barely misses you.
You barely miss the worm.
The worm is severely wounded.
The rat closely misses you.
You hit the worm. You bite the worm. You drain its power.
You feel invigorated.
The worm is almost dead.
The worm bites you. The rat closely misses you.
You hit the worm but do no damage. Your bite misses the worm.
The worm is almost dead.
The rat bites you but does no damage.
You hit the worm.
The worm is almost dead.
The worm bites you!
Ouch! That really hurt!
You die...

#........<.#
#........#.#
#..........#
#..........#
#..........#
..........#.♣
#..rw.....♣
+..@....#.
#.<........
#########..


You could see a worm and a rat.

Vanquished Creatures
  5 bats (D:1)
  2 giant cockroaches (D:1)
  4 goblins (D:1)
  3 hobgoblins (D:1)
  3 frilled lizards (D:1)
  4 rats (D:1)
21 creatures vanquished.

Vanquished Creatures (others)
  3 plants (D:2)
3 creatures vanquished.

Grand Total: 24 creatures vanquished

Notes
Turn   | Place    | Note
-------+----------+-------------------------------------------
     0 | D:1      | PentaManta the Vine Stalker Monk began the quest for the
                  | Orb.
     0 | D:1      | Reached XP level 1. HP: 11/11 MP: 2/2
   135 | D:1      | Reached XP level 2. HP: 14/16 MP: 3/3
   940 | D:2      | Slain by a worm

Illustrated notes

Levels and vault maps discovered:
D:1:      nagdon_arrival_double_spiral, layout_rooms, minmay_statues_item,
          minmay_misc_feat_plants, minmay_hexomino_p4
D:2:      layout_basic, marbit_many_paths, serial_forest,
          infiniplex_forest_straight_4, infiniplex_forest_clump_C,
          infiniplex_forest_end_2, infiniplex_forest_straight_3,
          infiniplex_forest_zigzag_2, infiniplex_forest_clump_large,
          infiniplex_forest_clump_C, infiniplex_forest_corner_1,
          infiniplex_forest_straight_2

Skill      XL: |  1  2 |
---------------+-------+-----
Stealth        | 3 |  3.4
Fighting       | |  2.6
Dodging        | |  2.4
Unarmed Combat | |  3.5

Action                   || total
-------------------------++-------
Melee: Unarmed           ||    64
       Bite              ||    13
 Stab: Sleeping          ||     4
Armor: Robe              ||     1
       Leather armour    ||    12
       Ring mail         ||     3
Dodge: Dodged            ||    50

Table legend: (Time is in decaauts)
 A = Elapsed time spent in this place.
 B = Non-inter-level travel time spent in this place.
 C = Inter-level travel time spent in this place.
 D = Time resting spent in this place.
 E = Time spent auto-exploring this place.
 F = Levels seen in this place.
 G = Mean time per level.
                   A        B        C        D        E       F      G
               +--------+--------+--------+--------+--------+-----+--------+
         Total |    936 |    830 |    106 |    186 |    460 |   2 |  468.0 |
       Dungeon |    936 |    830 |    106 |    186 |    460 |   2 |  468.0 |
               +--------+--------+--------+--------+--------+-----+--------+

Top non-repeatable levels by time:
     D:1: 921 daAuts
     D:2: 14 daAuts
